 Dungeon Crawl Stone Soup version 0.22-a0-609-gfedc9ff (webtiles) character file.

8523 sking99 the Martial Artist (level 11, -8/97 HPs)
             Began as a Yellow Draconian Transmuter on July 10, 2018.
             Was a Follower of Ru.
             Mangled by a thrashing horror (14 damage)
             ... on level 2 of the Abyss.
             The game lasted 00:23:50 (13831 turns).

sking99 the Martial Artist (DrTm)                  Turns: 13831, Time: 00:23:50

Health: -8/97      AC:  9    Str: 13    XL:     11   Next: 11%
Magic:  0/14       EV: 23    Int: 14    God:    Ru [*.....]
Gold:   562        SH:  0    Dex: 14    Spells: 11/14 levels left

rFire    . . .     SeeInvis .     - Unarmed
rCold    . . .     Gourm    .   (no shield)
rNeg     . . .     Faith    .   (armour unavailable)
rPois    .         Spirit   +   (helmet restricted)
rElec    .         Reflect  .   (no cloak)
rCorr    +         Harm     .   w - +0 pair of gloves (curse)
MR       .....                  b - +0 pair of boots
Stlth    ..........             h - amulet of guardian spirit
HPRegen  0.26/turn              r - +5 ring of evasion
MPRegen  0.14/turn              B - +1 ring of evasion

@: silenced, drained
A: spit acid, acid resistance, unfitting armour, horns 1, wild magic 1,
cold-blooded, no stealth, missing an eye, AC +7
a: Breathe Acid, Renounce Religion


You were on level 2 of the Abyss.
You worshipped Ru.
Ru was aware of your devotion.
You were hungry.

You visited 1 branch of the dungeon, and saw 11 of its levels.
You visited the Abyss 1 time.

You collected 624 gold pieces.
You spent 62 gold pieces at shops.

Inventory:

Missiles
 a - 130 arrows (quivered)
Armour
 b - a +0 pair of boots (worn)
 w - a cursed +0 pair of gloves (worn)
Jewellery
 h - an amulet of guardian spirit (around neck)
 r - a +5 ring of evasion (left hand)
 A - an uncursed amulet of harm
 B - a +1 ring of evasion (right hand)
Wands
 k - a wand of clouds (7)
 o - a wand of polymorph (16)
 C - a wand of flame (30)
Scrolls
 l - 4 scrolls of remove curse
 p - 2 scrolls of amnesia
 q - 4 scrolls of blinking
 s - 2 scrolls of enchant weapon
 u - a scroll of magic mapping
 v - 2 scrolls of teleportation
 x - 2 scrolls of fear {unknown}
 y - a scroll of immolation
Potions
 d - 6 potions of flight
 e - 4 potions of heal wounds
 f - 2 potions of curing
 g - 3 potions of degeneration {unknown}
 i - 2 potions of brilliance
 m - 2 potions of haste
 n - 2 potions of resistance
 t - a potion of mutation
 z - 2 potions of berserk rage
 D - a potion of might
 E - a potion of invisibility {unknown}
Comestibles
 c - 22 rations


   Skills:
 + Level 9.2(9.0) Fighting
 + Level 7.9(7.6) Dodging
 * Level 11.9(11.7) Unarmed Combat
 - Level 2.0(1.8) Spellcasting
 - Level 5.0(4.7) Transmutations


You had 11 spell levels left.
You knew the following spells:

 Your Spells              Type           Power        Failure   Level  Hunger
a - Beastly Appendage     Tmut           ###...       6%          1    ##.....
b - Sticks to Snakes      Tmut           ###.....     9%          2    ###....

Your spell library contained the following spells:

 Spells                   Type           Power        Failure   Level  Hunger
 Spider Form              Tmut/Pois      ##........   34%         3    ####...
 Blade Hands              Tmut           ###.......   75%         5    ######.
 Ice Form                 Ice/Tmut       ##......     73%         4    #####..


Dungeon Overview and Level Annotations

Branches:
Dungeon (11/15)            Temple (0/1) D:7            Lair (0/6) D:9
    Orc: D:9-12

Altars:
Elyvilon
Gozag
Ru
Trog
Yredelemnul

Shops:
D:9 !*[}

Annotations:
D:10 Sonja


Innate Abilities, Weirdness & Mutations

You can spit globs of acid.
You are resistant to acid.
Your golden yellow scales are hard. (AC +7)
You cannot fit into any form of body armour.
You are cold-blooded and may be slowed by cold attacks.
You cannot be stealthy.
You are missing an eye, making it more difficult to aim.
You have a pair of small horns on your head.
Your spells are a little harder to cast, but a little more powerful.


Message History

The thrashing horror tramples you but does no damage.
The thrashing horror tramples you.
You stumble backwards!
The smoke demon gestures at you. The ball of steam hits you!
* * * LOW HITPOINT WARNING * * *
Unknown command.
The thrashing horror completely misses you.
The thrashing horror closely misses you.
The smoke demon gestures at you. Something smites you!
* * * LOW HITPOINT WARNING * * *
The thrashing horror completely misses you.
The thrashing horror barely misses you. The smoke demon gestures at you.
Something smites you!
* * * LOW HITPOINT WARNING * * *
The thrashing horror tramples you but does no damage. x2
The thrashing horror roars!
You hear a chilling moan.
The thrashing horror tramples you!
You die...

.# .##.# ###....
##....## ..#...
###....# #.##..###
..#.......#
..#@X#x..## .
#..###.#3.# #.# ...
#....#..§......
....#.#. #§..##.##.
#.......####...##
..#.#.#.#.....#.
##.......x.........
.#.#..##.###...#...
#.........♣≈...# .
.


You could see a thrashing horror.

Vanquished Creatures
  A two-headed ogre (D:9)
  Nergalle (D:10)
  An elephant (D:9)
  A troll (D:10)
  2 hippogriffs
  3 wyverns
  A wraith (D:10)
  10 yaks (D:10)
  A hungry ghost (D:10)
  A black bear (D:10)
  5 orc warriors
  A necrophage (D:9)
  5 sky beasts
  An ogre (D:9)
  A centaur (D:8)
  2 crocodiles
  A big kobold (D:9)
  5 bullfrogs
  3 scorpions
  10 killer bees
  6 crimson imps
  2 bullfrog zombies (D:5)
  2 jellies
  A quasit (D:7)
  4 centaur zombies
  A bullfrog skeleton (D:8)
  A centaur skeleton (D:10)
  3 orc priests
  6 hounds
  3 orc wizards
  Natasha (thrice) (D:2)
  An iguana (D:9)
  9 worker ants
  2 killer bee zombies (D:5)
  3 hound skeletons (D:4)
  2 hound zombies
  2 worker ant zombies (D:5)
  A gnoll (D:1)
  A howler monkey skeleton (D:7)
  10 adders
  3 shadow imps
  An adder skeleton (D:5)
  2 adder zombies (D:5)
  A worm (D:2)
  A dart slug (D:3)
  3 leopard geckos
  34 orcs
  6 giant cockroaches
  9 goblins
  13 hobgoblins
  10 jackals
  9 kobolds
  2 quokkas
  A ball python (D:1)
  9 bats
  9 frilled lizards
  A leopard gecko skeleton (D:5)
  A leopard gecko zombie (D:5)
  A quokka skeleton (D:5)
  11 rats
246 creatures vanquished.

Vanquished Creatures (collateral kills)
  A two-headed ogre (D:8)
  An ogre (D:6)
2 creatures vanquished.

Grand Total: 248 creatures vanquished

Notes
Turn   | Place    | Note
-------+----------+-------------------------------------------
     0 | D:1      | sking99 the Draconian Transmuter began the quest for the Orb.
     0 | D:1      | Reached XP level 1. HP: 16/16 MP: 3/3
   175 | D:1      | Reached XP level 2. HP: 23/23 MP: 5/5
   476 | D:1      | Reached XP level 3. HP: 18/29 MP: 6/6
  1510 | D:2      | Noticed Natasha
  1544 | D:2      | Gained mutation: You have a pair of small horns on your head. [potion of mutation]
  1544 | D:2      | Gained mutation: Your spells are a little harder to cast, but a little more powerful. [potion of mutation]
  1544 | D:2      | HP: 1/29 [crimson imp[Natasha] (3)]
  1547 | D:2      | Killed Natasha
  1547 | D:2      | Reached skill level 4 in Unarmed Combat
  1547 | D:2      | Reached XP level 4. HP: 9/36 MP: 7/7
  2109 | D:2      | Noticed Natasha
  2119 | D:2      | Killed Natasha
  2125 | D:2      | Learned a level 2 spell: Sticks to Snakes
  2162 | D:2      | Noticed Natasha
  2184 | D:2      | Killed Natasha
  2184 | D:2      | Reached XP level 5. HP: 25/42 MP: 3/8
  3905 | D:4      | Reached XP level 6. HP: 36/51 MP: 9/9
  4239 | D:4      | Reached skill level 5 in Unarmed Combat
  4244 | D:4      | Found a sacrificial altar of Ru.
  4264 | D:4      | Became a worshipper of Ru the Awakened
  4630 | D:5      | Entered Level 5 of the Dungeon
  4630 | D:5      | Noticed a sky beast
  4651 | D:4      | Killed a sky beast
  4799 | D:5      | Your scales start taking on a golden yellow colour.
  4799 | D:5      | Reached XP level 7. HP: 37/58 MP: 8/10
  6135 | D:5      | Found a basalt altar of Yredelemnul.
  6239 | D:5      | Reached skill level 6 in Unarmed Combat
  6624 | D:6      | Reached XP level 8. HP: 18/67 MP: 9/11
  6904 | D:6      | Gained mutation: You cannot be stealthy. [Ru sacrifice]
  6919 | D:6      | Found a white marble altar of Elyvilon.
  7653 | D:6      | Reached skill level 5 in Fighting
  7653 | D:6      | Reached skill level 7 in Unarmed Combat
  7976 | D:7      | Found a bloodstained altar of Trog.
  8058 | D:7      | Found an opulent altar of Gozag.
  8207 | D:7      | Found a staircase to the Ecumenical Temple.
  8227 | D:7      | Reached skill level 5 in Transmutations
  9047 | D:8      | Reached skill level 5 in Dodging
  9238 | D:8      | Reached skill level 8 in Unarmed Combat
  9394 | D:8      | Reached XP level 9. HP: 52/75 MP: 7/12
  9440 | D:8      | Noticed a two-headed ogre
  9731 | D:8      | Killed a two-headed ogre
  9731 | D:8      | Reached skill level 9 in Unarmed Combat
 10262 | D:9      | Found a staircase to the Lair.
 10263 | D:9      | Noticed an elephant
 10284 | D:8      | Gained mutation: You are missing an eye, making it more difficult to aim. [Ru sacrifice]
 10284 | D:8      | Reached * piety under Ru
 10331 | D:9      | Found Mauginut's Gadget Emporium.
 10789 | D:9      | Found Aliec's Armour Shoppe.
 10814 | D:9      | Bought a cursed +0 pair of gloves for 18 gold pieces
 10945 | D:9      | Killed an elephant
 10951 | D:9      | Reached skill level 10 in Unarmed Combat
 11153 | D:9      | Reached XP level 10. HP: 39/86 MP: 9/13
 11422 | D:9      | Found Kimoklio's Distillery.
 11430 | D:9      | Bought a potion of might for 44 gold pieces
 11457 | D:9      | Noticed a two-headed ogre
 11472 | D:9      | Killed a two-headed ogre
 11545 | D:9      | Found Riyky's Assorted Antiques.
 11730 | D:10     | Entered Level 10 of the Dungeon
 11819 | D:10     | Reached skill level 11 in Unarmed Combat
 12856 | D:10     | Reached XP level 11. HP: 97/97 MP: 14/14
 13180 | D:10     | Noticed Sonja
 13503 | D:10     | Noticed Nergalle
 13529 | D:10     | Killed Nergalle
 13717 | D:10     | Cast into level 2 of the Abyss (Sonja)
 13813 | Abyss:2  | Noticed a thrashing horror
 13831 | Abyss:2  | Mangled by a thrashing horror

Vault maps used:
D:1:      nicolae_arrival_memento_mori, minivault_24, minmay_misc_feat_enclosed
D:2:      uniq_natasha
D:3:      first_ration
D:4:      hangedman_ru_absence
D:5:      kennysheep_mini, serial_undead, serial_undead_a, serial_undead_f,
          serial_undead_b, serial_undead_b, serial_undead_f, serial_undead_d,
          nicolae_ossuary_entry_false_entrances, grunt_decor_clamped
D:6:      old_standard_altar, grunt_decor_cap, minmay_misc_feat_doors,
          minmay_small_thing
D:7:      lemuel_round_altar, nicolae_gozag_seed_capital, temple_fountains
D:9:      david_lair_generic, serial_shops, nicolae_shop_waterfront,
          nicolae_shop_statue_plus, shop, nicolae_shop_crystal,
          blue_anna_alchemist, minmay_holes
D:10:     minmay_cornered_nines, roderic_lattice_a, uniq_sonja, uniq_nergalle
D:11:     orc_0_dummy, kennysheep_windowed_goal

Skill      XL: |  1  2  3  4  5  6  7  8  9 10 |
---------------+-------------------------------+-----
Dodging        | 2 3 4 5 6 7 |  7.9
Fighting       | 2 3 4 6 7 9 |  9.2
Unarmed Combat | 4 5 6 8 10 11 | 11.9
Transmutations | 3 4 5 |  5.0
Spellcasting   | |  2.0

Action                   |  1- 3 |  4- 6 |  7- 9 | 10-12 || total
-------------------------+-------+-------+-------+-------++-------
Melee: Unarmed           |   182 |   275 |   416 |   312 ||  1185
       Tailslap          |    19 |    20 |    64 |    32 ||   135
       Kick              |     2 |    18 |    21 |       ||    41
       Punch             |     3 |     3 |    22 |    11 ||    39
       Headbutt          |       |    32 |    78 |    57 ||   167
 Cast: Beastly Appendage |     2 |     9 |    13 |       ||    24
       Sticks to Snakes  |       |     3 |     7 |    18 ||    28
Invok: Sacrifice Stealth |       |       |     1 |       ||     1
       Sacrifice an Eye  |       |       |     1 |       ||     1
 Abil: Breathe Acid      |       |       |    15 |    10 ||    25
  Use: Potion            |     5 |       |     1 |     1 ||     7
       Scroll            |       |     8 |     8 |       ||    16
 Stab: Sleeping          |       |     3 |       |       ||     3
       Distracted        |       |     1 |       |     6 ||     7
  Eat: Chunk             |     2 |    11 |    16 |    11 ||    40
       Ration            |       |       |     2 |     1 ||     3
Armor: Skin              |    50 |    88 |   136 |    58 ||   332
Dodge: Dodged            |   117 |   201 |   394 |   362 ||  1074

Table legend:
 A = Spawn XP
 B = Non-spawn XP
 C = Spawn XP percentage of total XP
 D = Spawn monster count
 E = Non-spawn monster count
 F = Spawn count percentage of total count
 G = Total turns spent on level
                    A         B        C        D         E        F      G
               +---------+---------+-------+---------+---------+-------+---------
         Total |       0 |   12176 |   0.0 |       0 |     248 |   0.0 | 13831
               +---------+---------+-------+---------+---------+-------+---------
           D:1 |       0 |      73 |   0.0 |       0 |      38 |   0.0 |  1455
           D:2 |       0 |     188 |   0.0 |       0 |      32 |   0.0 |  1473
           D:3 |       0 |      68 |   0.0 |       0 |      19 |   0.0 |   832
           D:4 |       0 |     373 |   0.0 |       0 |      21 |   0.0 |  1678
           D:5 |       0 |     402 |   0.0 |       0 |      24 |   0.0 |  1289
           D:6 |       0 |     720 |   0.0 |       0 |      13 |   0.0 |  1092
           D:7 |       0 |     609 |   0.0 |       0 |      15 |   0.0 |  1678
           D:8 |       0 |    2153 |   0.0 |       0 |      25 |   0.0 |  1237
           D:9 |       0 |    2587 |   0.0 |       0 |      16 |   0.0 |  1247
          D:10 |       0 |    5003 |   0.0 |       0 |      45 |   0.0 |  1731
               +---------+---------+-------+---------+---------+-------+---------
